 Dungeon Crawl Stone Soup version 0.31.0-11-ge490571c62 (webtiles) character file.

Game seed: 18416714055491919680

5726 qw the Nimble (level 10, -4/51 HPs)
             Began as a Spriggan Hunter on Feb 5, 2024.
             Was an Elder of Okawaru.
             Slain by Amaemon
             ... wielding a -1 demon whip of venom
              (7 damage)
             ... on level 9 of the Dungeon.
             The game lasted 00:01:46 (6999 turns).

qw the Nimble (Spriggan Hunter)                     Turns: 6999, Time: 00:01:46

Health: -4/51      AC:  3    Str:  7    XL:     10   Next: 48%
Magic:  10/14      EV: 34    Int: 10    God:    Okawaru [****..]
Gold:   528        SH:  0    Dex: 30    Spells: 9/9 levels left

rFire   . . .        k - +5 shortbow of the Lettuce {heavy, rCorr SInv}
rCold   . . .        (shield currently unavailable)
rNeg    + . .        c - +0 robe
rPois   .            (helmet restricted)
rElec   .            d - +0 cloak
rCorr   +            (gloves unavailable)
SInv    +            (boots unavailable)
Will    +++..        (no amulet)
Stlth   +++          e - +6 ring of dexterity
HPRegen 0.28/turn    j - ring "Honlyneg" {Fly rN+ Will++}
MPRegen 0.14/turn

%: no passive effects
@: lethally poisoned (-4 -> -32), about to teleport, finesse-ful, flying, very
quick
A: very small, no large weapons, unfitting armour, see invisible, speed 3
a: Renounce Religion, Heroism, Finesse


You were on level 9 of the Dungeon.
You worshipped Okawaru.
Okawaru was greatly pleased with you.
You visited 2 branches of the dungeon, and saw 10 of its levels.

You collected 528 gold pieces.


Innate Abilities, Weirdness & Mutations

You are very small and have problems with some larger weapons.
You are too small for most types of armour.
You have supernaturally acute eyesight. (SInv)
You cover ground extremely quickly. (Speed+++)


   Skills:
 - Level 4.9 Fighting
 - Level 11.0 Ranged Weapons
 + Level 12.6 Dodging
 - Level 1.5 Stealth
 + Level 4.6 Invocations


You had 9 spell levels left.
You didn't know any spells.
Your spell library was empty.

Inventory:

Hand Weapons
 k - the +5 shortbow of the Lettuce (weapon) {heavy, rCorr SInv}
   (You acquired it on level 5 of the Dungeon)

   SInv:      It lets you see invisible.
   rCorr:     It protects you from acid and corrosion.
Armour
 c - a +0 robe (worn)
 d - a +0 cloak (worn)
Jewellery
 e - a +6 ring of dexterity (left hand)
 f - a +4 ring of protection
 i - an amulet of guardian spirit
 j - the ring "Honlyneg" (right hand) {Fly rN+ Will++}
   (You found it on level 2 of the Dungeon)

   [ring of flight]

   rN+:       It protects you from negative energy.
   Will++:    It greatly increases your willpower.
   Fly:       It grants you flight.
Scrolls
 l - 6 scrolls of teleportation
Potions
 b - a potion of might
 h - 3 potions of curing

Dungeon Overview and Level Annotations

Branches:
Dungeon (9/15)             Temple (1/1) D:5
   Lair: D:8-11         Orc: D:9-12

Altars:
Ashenzari
Cheibriados
Dithmenos
Elyvilon
Gozag
Hepliaklqana
Kikubaaqudgha
Makhleb
Nemelex Xobeh
Okawaru
Qazlal
Ru
Sif Muna
Trog
Uskayaw
Vehumet
Wu Jian
Xom
Yredelemnul
Zin
The Shining One

Shops:
D:4 ([([

Portals:
Bailey: D:8

Annotations:
D:9 Amaemon


Message History

Amaemon completely misses you. Amaemon tail-slaps you.
You are more poisoned.
Amaemon poisons you!
You shoot an arrow. The arrow hits the killer bee!!
You kill the killer bee!
Okawaru accepts your kill.
You feel very sick.
The howler monkey hoots and howls with incredible vigour!
You hear an angry buzzing noise. x2; You hear a shout! x2
Your Ranged Weapons skill increases to level 11!
You shoot an arrow. The arrow hits Amaemon.
Amaemon is lightly wounded.
You feel very sick. Amaemon completely misses you. Amaemon closely misses you.
Amaemon completely misses you.
You shoot an arrow. The arrow closely misses Amaemon.
The arrow closely misses the howler monkey.
You feel very sick. Amaemon completely misses you. Amaemon misses you.
Amaemon completely misses you.
You shoot an arrow. The arrow hits Amaemon.
Amaemon is moderately wounded.
You feel very sick.
You shoot an arrow. The arrow completely misses Amaemon.
The arrow hits the howler monkey!
The howler monkey is moderately wounded.
You feel sick.
Amaemon completely misses you. x2; Amaemon tail-slaps you.
You are lethally poisoned!
Amaemon poisons you!
You shoot an arrow. The arrow barely misses Amaemon.
You feel very sick.
Amaemon gestures wildly while chanting.
6999 ||| READING 7 scrolls of teleportation.
As you read the scroll of teleportation, it crumbles to dust.
You feel strangely unstable.
You feel extremely sick. The scorpion completely misses you.
The howler monkey hits you. Amaemon barely misses you.
Amaemon completely misses you. Amaemon tail-slaps you!
You die...

.........#
.........#
.........#
.........#
.........#
.........#
......6h.#
.......@s#
.........#
.........#
.........#
.........#
.........#
.......>.#
.........#
########.#


You could see Amaemon, a scorpion (summoned) and a howler monkey.

Vanquished Creatures
  2 two-headed ogres
  A cyclops (D:7)
  An orange demon (D:9)
  A gargoyle (D:7)
  A hornet (D:9)
  A wyvern (D:7)
  2 steam dragons
  An acid dragon (D:5)
  2 sky beasts (D:7)
  4 black bears
  An ice beast (D:8)
  2 ogres
  A centaur (D:7)
  A phantom (D:5)
  2 kobold brigands (D:7)
  4 bullfrogs
  2 scorpions (D:6)
  2 wights (D:8)
  5 killer bees
  3 howler monkeys (D:7)
  A bombardier beetle (D:5)
  2 hounds
  4 jellies
  2 gnoll boudas
  2 iguanas
  3 sleepcaps
  8 orc wizards
  Natasha (thrice) (D:3)
  5 adders
  13 gnolls
  A shadow imp (D:6)
  2 white imps (D:6)
  4 dart slugs
  2 ribbon worms
  10 orcs
  4 ball pythons
  A bat (D:1)
  6 endoplasms
  7 giant cockroaches
  10 goblins
  12 hobgoblins
  8 jackals
  7 kobolds
  2 quokkas
  4 frilled lizards
  4 rats
166 creatures vanquished.

Notes
Turn   | Place    | Note
-------+----------+-------------------------------------------
     0 | D:1      | qw the Spriggan Hunter began the quest for the Orb.
     0 | D:1      | Reached XP level 1. HP: 10/10 MP: 2/2
     0 | D:1      | 0 ||| qw: Version: 0.3-a-160-g6735b56
     0 | D:1      | 0 ||| qw: Game counter: 6166
     0 | D:1      | 0 ||| qw: Melee chars always use a shield: true
     0 | D:1      | 0 ||| qw: God list: Okawaru
     0 | D:1      | 0 ||| qw: Allow faded altars: false
     0 | D:1      | 0 ||| qw: Do Orc after clearing Dungeon:15 true
     0 | D:1      | 0 ||| qw: Do second Lair branch before Depths: true
     0 | D:1      | 0 ||| qw: Lair rune preference: random
     0 | D:1      | 0 ||| qw: Goals: Normal
     0 | D:1      | 0 ||| PLANNING D:1-11
    27 | D:1      | Reached skill level 3 in Dodging
    81 | D:1      | Reached XP level 2. HP: 14/14 MP: 3/3
   141 | D:1      | Reached skill level 4 in Dodging
   680 | D:1      | 680 ||| UPGRADING to +0 cloak.
   685 | D:1      | 685 ||| READING scroll labelled VEUVUUROUT.
   686 | D:1      | 686 ||| READING scroll labelled PIMOSE XIOTEUMY.
   787 | D:1      | 787 ||| READING scroll labelled ETUULO DYLUP.
   787 | D:1      | 787 ||| ENCHANTING +0 shortbow.
   788 | D:1      | 788 ||| READING scroll labelled TUUMEXK YJIX.
   793 | D:1      | 793 ||| READING scroll labelled JAHIMITIAD.
   793 | D:1      | 793 ||| IDENTIFYING clear potion
   794 | D:1      | 794 ||| DROPPING scroll of butterflies.
   795 | D:1      | 795 ||| DROPPING potion of attraction.
   843 | D:2      | Found a faded altar of an unknown god.
   844 | D:2      | 844 ||| STAIRDANCE
   848 | D:2      | 848 ||| STAIRDANCE
   852 | D:1      | Reached XP level 3. HP: 18/18 MP: 4/4
   933 | D:2      | 933 ||| READING scroll of enchant weapon.
   933 | D:2      | 933 ||| ENCHANTING +1 shortbow.
  1258 | D:2      | 1258 ||| READING scroll of enchant weapon.
  1258 | D:2      | 1258 ||| ENCHANTING +2 shortbow.
  1277 | D:2      | 1277 ||| UPGRADING to amulet of guardian spirit.
  1282 | D:2      | 1282 ||| UPGRADING to +6 ring of dexterity.
  1283 | D:2      | 1283 ||| READING scroll labelled JEIZ VOYKLICA.
  1285 | D:2      | 1285 ||| Stepping ~*~*~tactically~*~*~ (cloud).
  1292 | D:2      | HP: 4/18 [poisoned by you (poison gas)]
  1407 | D:2      | Identified the ring "Honlyneg" {Fly rN+ Will++}
  1603 | D:2      | 1603 ||| UPGRADING to ring "Honlyneg" {Fly rN+ Will++}.
  1604 | D:2      | 1604 ||| READING scroll labelled AHEENL RULU.
  1743 | D:3      | 1743 ||| STAIRDANCE
  1759 | D:3      | 1759 ||| STAIRDANCE
  1766 | D:3      | 1766 ||| STAIRDANCE
  1771 | D:2      | Reached XP level 4. HP: 22/22 MP: 3/5
  1875 | D:3      | Noticed Natasha
  1879 | D:3      | Killed Natasha
  1881 | D:3      | Reached skill level 5 in Dodging
  1929 | D:3      | Noticed Natasha
  1931 | D:3      | Killed Natasha
  1932 | D:3      | Reached XP level 5. HP: 25/25 MP: 6/6
  2042 | D:3      | Identified the +1 mace "Ventoot" {flame, rF+ Str+3}
  2045 | D:3      | Noticed Natasha
  2050 | D:3      | Killed Natasha
  2051 | D:3      | Reached skill level 6 in Dodging
  2056 | D:3      | Found a hide-covered altar of Uskayaw.
  2065 | D:3      | Found a glowing silver altar of Zin.
  2125 | D:3      | Found a snail-covered altar of Cheibriados.
  2385 | D:3      | 2385 ||| READING scroll of identify.
  2385 | D:3      | 2385 ||| IDENTIFYING cyan potion
  2386 | D:3      | 2386 ||| DRINKING 2 murky yellow potions.
  2422 | D:3      | Found an opulent altar of Gozag.
  2454 | D:4      | Found Sasel's Weapon Boutique.
  2560 | D:4      | Found a shimmering altar of Xom.
  2561 | D:4      | Found a hazy altar of Hepliaklqana.
  2561 | D:4      | Noticed an unseen horror
  2562 | D:4      | Noticed a spectral ugly thing
  2562 | D:4      | Noticed an unseen horror
  2624 | D:4      | Found an ornate altar of the Wu Jian Council.
  2693 | D:4      | Found Utocuqoc's Armour Emporium.
  2810 | D:4      | Found Leciag's Weapon Shoppe.
  2842 | D:4      | Reached XP level 6. HP: 30/30 MP: 7/7
  2851 | D:4      | Found Xaqel's Antique Armour Shop.
  2859 | D:4      | 2859 ||| SHOPLISTING acid dragon scales (1000 gold, have
                  | 141).
  2924 | D:4      | 2924 ||| READING scroll of identify.
  2924 | D:4      | 2924 ||| IDENTIFYING grey potion
  2925 | D:4      | 2925 ||| READING scroll labelled APONTI LEIS.
  2926 | D:4      | 2926 ||| READING scroll labelled ZUTUCOD KEKIAN.
  3027 | D:4      | 3027 ||| DROPPING potion of magic.
  3032 | D:5      | Entered Level 5 of the Dungeon
  3038 | D:5      | Reached skill level 6 in Ranged Weapons
  3070 | D:5      | Noticed an acid dragon
  3075 | D:5      | Killed an acid dragon
  3076 | D:5      | Reached skill level 7 in Dodging
  3081 | D:5      | 3081 ||| RETREEEEATING.
  3082 | D:5      | 3082 ||| RETREEEEATING.
  3090 | D:5      | Reached XP level 7. HP: 33/35 MP: 6/8
  3103 | D:5      | Reached skill level 8 in Dodging
  3198 | D:5      | Found a staircase to the Ecumenical Temple.
  3199 | D:5      | 3199 ||| PLANNING TEMPLE
  3204 | Temple   | Entered the Ecumenical Temple
  3205 | Temple   | 3205 ||| PLANNING OKAWARU WORSHIP
  3253 | Temple   | Became a worshipper of Warmaster Okawaru
  3254 | Temple   | 3254 ||| PLANNING D:1-11
  3254 | Temple   | 3254 ||| REMOVING amulet of guardian spirit.
  3351 | D:5      | Found a white marble altar of Elyvilon.
  3739 | D:5      | Reached skill level 9 in Dodging
  3739 | D:5      | Reached XP level 8. HP: 37/39 MP: 9/9
  3971 | D:5      | 3971 ||| READING scroll labelled VAOTTOCUEMN.
  3971 | D:5      | Identified a scroll of acquirement
  3971 | D:5      | 3971 ||| ACQUIRING +5 shortbow of the Lettuce {heavy, rCorr
                  | SInv}
  3971 | D:5      | Acquired the +5 shortbow of the Lettuce {heavy, rCorr SInv}
  3973 | D:5      | 3973 ||| SWAPPING to +5 shortbow of the Lettuce {heavy,
                  | rCorr SInv}.
  3974 | D:5      | 3974 ||| DROPPING +3 shortbow.
  3975 | D:5      | 3975 ||| READING scroll labelled VOCVIE YDARE.
  3976 | D:5      | 3976 ||| DRINKING 2 sapphire potions.
  3977 | D:5      | 3977 ||| DROPPING potion of degeneration.
  4227 | D:6      | Reached * piety under Okawaru
  4265 | D:6      | Reached skill level 1 in Invocations
  4403 | D:6      | Reached skill level 3 in Fighting
  4527 | D:6      | Found a sparkling altar of Nemelex Xobeh.
  4607 | D:6      | 4607 ||| READING 2 scrolls labelled BUJER ZA XIREL.
  4608 | D:6      | 4608 ||| DROPPING scroll of noise.
  4642 | D:7      | Reached skill level 3 in Invocations
  4711 | D:7      | Reached ** piety under Okawaru
  4779 | D:7      | Reached XP level 9. HP: 16/44 MP: 11/13
  4926 | D:7      | Found a bloodstained altar of Trog.
  4987 | D:7      | 4987 ||| RETREEEEATING.
  4988 | D:7      | 4988 ||| RETREEEEATING.
  4991 | D:7      | Reached skill level 10 in Dodging
  4992 | D:7      | 4992 ||| INVOKING Heroism.
  4997 | D:7      | Reached skill level 9 in Ranged Weapons
  5086 | D:7      | Reached skill level 11 in Dodging
  5086 | D:7      | Noticed a cyclops
  5088 | D:7      | 5088 ||| INVOKING Heroism.
  5095 | D:7      | Killed a cyclops
  5151 | D:7      | Noticed a gargoyle
  5155 | D:7      | 5155 ||| INVOKING Heroism.
  5158 | D:7      | Killed a gargoyle
  5723 | D:7      | Noticed a two-headed ogre
  5723 | D:7      | Noticed a gargoyle
  5726 | D:7      | 5726 ||| INVOKING Heroism.
  5728 | D:7      | HP: 10/44 [gargoyle/stone arrow (20)]
  5729 | D:7      | 5729 ||| READING 8 scrolls of teleportation.
  5991 | D:7      | Found a stormy altar of Qazlal.
  5995 | D:7      | Found an ancient bone altar of Kikubaaqudgha.
  6016 | D:7      | Found a shimmering blue altar of Sif Muna.
  6074 | D:7      | 6074 ||| INVOKING Heroism.
  6079 | D:7      | Killed a two-headed ogre
  6079 | D:7      | Reached *** piety under Okawaru
  6080 | D:7      | Reached skill level 12 in Dodging
  6080 | D:7      | Reached XP level 10. HP: 49/49 MP: 11/14
  6170 | D:8      | Found a flagged portal.
  6471 | D:8      | 6471 ||| Stepping ~*~*~tactically~*~*~ (cloud).
  6738 | D:8      | Noticed a two-headed ogre
  6739 | D:8      | 6739 ||| INVOKING Heroism.
  6748 | D:8      | Killed a two-headed ogre
  6748 | D:8      | Reached **** piety under Okawaru
  6869 | D:8      | 6869 ||| READING 2 scrolls of identify.
  6869 | D:8      | 6869 ||| IDENTIFYING fuming brown potion
  6870 | D:8      | 6870 ||| READING scroll of identify.
  6870 | D:8      | 6870 ||| IDENTIFYING lumpy sapphire potion
  6871 | D:8      | 6871 ||| READING scroll labelled BECVOENIPN.
  6872 | D:8      | 6872 ||| READING scroll labelled HIROWO AHEODUR.
  6873 | D:8      | 6873 ||| DROPPING potion of invisibility.
  6874 | D:8      | 6874 ||| DROPPING potion of lignification.
  6881 | D:9      | 6881 ||| STAIRDANCE
  6887 | D:9      | 6887 ||| STAIRDANCE
  6981 | D:9      | Noticed an orange demon
  6982 | D:9      | 6982 ||| INVOKING Finesse.
  6982 | D:9      | Noticed Amaemon
  6983 | D:9      | 6983 ||| INVOKING Finesse.
  6989 | D:9      | Killed an orange demon
  6998 | D:9      | HP: 12/51 [poisoned by Amaemon]
  6999 | D:9      | 6999 ||| READING 7 scrolls of teleportation.
  6999 | D:9      | HP: 5/51 [poisoned by Amaemon]
  6999 | D:9      | Slain by Amaemon

Levels and vault maps discovered:
D:1:      elethiomel_arrival_shortcut, layout_loops_ring, minmay_misc_feat_five,
          minmay_misc_feat_hallway, minmay_close_crescents
D:2:      layout_loops_ring, basic_ecumenical_altar
D:3:      layout_basic, mainiacjoe_overflow_tiny_flanked,
          nicolae_overflow_hidden_temple, mainiacjoe_overflow_divided_tiny,
          uniq_natasha
D:4:      layout_rooms, regret_index_temple_of_mockery,
          pdpol_wu_jian_five_deadly_venoms, serial_shops, shop,
          nicolae_shop_waterfront, shop,
          nicolae_shop_temple_entry_statues_fountains
D:5:      minmay_angry_zag, layout_basic, elyvilon_altar_1,
          minmay_temple_entry_ruins, minmay_a_box_with_orc_wizards_in_it
D:6:      layout_basic, nemelex_diamond_rough_becter, serial_rivers,
          chequers_serial_rivers_small_a, chequers_serial_rivers_room_a,
          chequers_serial_rivers_large_b, chequers_serial_rivers_marsh,
          chequers_serial_rivers_small_3, solitary_fountain
D:7:      layout_layer_cave, lemuel_doored_altar, grunt_temple_overflow_diamond,
          minmay_shattered_shrine
D:8:      layout_basic, enter_bailey_4
D:9:      layout_long_grid, lair_entry_dummy, uniq_amaemon, uniq_jeremiah
Temple:   pf_temple_reverse_labyrinth

Skill      XL: |  1  2  3  4  5  6  7  8  9 10 |
---------------+-------------------------------+-----
Dodging        | 3 4 5 6 7 9 12 | 12.6
Ranged Weapons | 5 6 7 8 10 11 | 11.0
Fighting       | 2 3 4 |  4.9
Invocations    | 4 |  4.6
Stealth        | |  1.5

Action                     |  1- 3 |  4- 6 |  7- 9 | 10-12 || total
---------------------------+-------+-------+-------+-------++-------
   Fire: Shortbow          |    98 |   106 |   198 |    56 ||   458
 Invoke: Heroism           |       |       |     5 |     1 ||     6
         Finesse           |       |       |       |     1 ||     1
    Use: Scroll            |     9 |     4 |     4 |     5 ||    22
         Potion            |       |     1 |     1 |       ||     2
 Armour: Robe              |    11 |     4 |    27 |    13 ||    55
  Dodge: Dodged            |    38 |    13 |   114 |    49 ||   214

Table legend:
 A = Non-vault XP
 B = Vault XP
 C = Vault XP percentage of total XP
 D = Non-vault monster count
 E = Vault monster count
 F = Vault count percentage of total count
                 A         B        C        D         E       F
            +---------+---------+-------+---------+---------+-------
      Total |    4727 |    3453 |  42.2 |     137 |      29 |  17.5
            +---------+---------+-------+---------+---------+-------
        D:1 |      40 |       2 |   4.8 |      21 |       1 |   4.5
        D:2 |      56 |       0 |   0.0 |      19 |       0 |   0.0
        D:3 |     155 |      35 |  18.4 |      25 |       1 |   3.8
        D:4 |      98 |       0 |   0.0 |      11 |       0 |   0.0
        D:5 |     527 |     539 |  50.6 |       5 |      10 |  66.7
        D:6 |     781 |       0 |   0.0 |      20 |       0 |   0.0
        D:7 |    1261 |    2432 |  65.9 |      23 |      11 |  32.4
        D:8 |    1489 |      12 |   0.8 |      11 |       5 |  31.2
        D:9 |     320 |     433 |  57.5 |       2 |       1 |  33.3
            +---------+---------+-------+---------+---------+-------
